| TOP OF THE 1ST |
|
Hartford Yard Goats batting - Pitching for Greensboro Grasshoppers : RHP Earl Shepherd
|
|
Pitching: RHP Earl Shepherd
|
|
|
Batting: SHB Eddie Quinones
|
0-0: Called Strike 0-1: Ball 1-1: Swinging Strike 1-2: Ground out 1-3 (Groundball, 13S, EV 75.6 MPH)
|
|
Batting: SHB Pete Perla
|
0-0: Foul Ball, location: 2F 0-1: Foul Ball, location: 2F 0-2: Ball 1-2: Ball 2-2: Foul Ball, location: 2F 2-2: Ground out 3-1 (Groundball, 34, EV 85.6 MPH)
|
|
Batting: RHB Kian-tat Chen
|
0-0: Ball 1-0: Foul Ball, location: 2F 1-1: Swinging Strike 1-2: Foul Ball, location: 2F 1-2: Ball 2-2: Strikes out swinging
|
| Top of the 1st over - 0 runs, 0 hits, 0 errors, 0 left on base; Hartford 0 - Greensboro 0 |
| BOTTOM OF THE 1ST |
|
Greensboro Grasshoppers batting - Pitching for Hartford Yard Goats : LHP Steve Lima
|
|
Pitching: LHP Steve Lima
|
|
|
Batting: RHB Tom Thompson
|
0-0: Ball 1-0: Swinging Strike 1-1: Ball 2-1: Called Strike 2-2: Strikes out swinging
|
|
Batting: RHB Masumitsu Sugiura
|
0-0: Ball 1-0: Ball 2-0: Fly out, F4 (Popup, 4, EV 51.9 MPH)
|
|
Batting: RHB Isaiah Brockman
|
0-0: Called Strike 0-1: Foul Ball, location: 2F 0-2: Strikes out swinging
|
| Bottom of the 1st over - 0 runs, 0 hits, 0 errors, 0 left on base; Hartford 0 - Greensboro 0 |
| TOP OF THE 2ND |
|
Hartford Yard Goats batting - Pitching for Greensboro Grasshoppers : RHP Earl Shepherd
|
|
Batting: SHB Bobby Santor
|
0-0: SINGLE (Groundball, 56D, EV 99.4 MPH)
|
|
Batting: RHB Justin Williams
|
0-0: Called Strike 0-1: Called Strike 0-2: Ball 1-2: Ground out 5-3 (Groundball, 5S, EV 72.5 MPH) Bobby Santor to second
|
|
Batting: LHB Jeremy Brammer
|
0-0: Ball 1-0: Ball Bobby Santor steals 3rd base 2-0: Ball 3-0: Base on Balls
|
|
Batting: SHB In-sung Lee
|
0-0: Called Strike 0-1: Ball 1-1: Ball 2-1: Called Strike 2-2: Ball 3-2: Ground out 4-3 (Groundball, 4M, EV 91.3 MPH) Bobby Santor scores Jeremy Brammer to second
|
|
Batting: RHB Jerry Edmiston
|
0-0: SINGLE (Line Drive, 8LM, EV 91.3 MPH) Jeremy Brammer to third
|
|
Batting: LHB Mick Knopp
|
Balk! Jeremy Brammer scores Jerry Edmiston to second 0-0: Called Strike 0-1: Swinging Strike 0-2: Ball 1-2: Ball 2-2: Ball 3-2: Foul Ball, location: 2F 3-2: Base on Balls
|
|
Batting: SHB Eddie Quinones
|
0-0: Swinging Strike 0-1: Ball 1-1: Swinging Strike 1-2: Ball 2-2: Foul Ball, location: 2F 2-2: Ball 3-2: SINGLE (Line Drive, 8RM, EV 100.6 MPH) Jerry Edmiston to third Mick Knopp to second Jerry Edmiston scores Mick Knopp to third
|
|
Batting: SHB Pete Perla
|
0-0: Ball 1-0: Ball 2-0: Ball 3-0: SINGLE (Flyball, 56D, EV 88.1 MPH) Mick Knopp scores Eddie Quinones to second Runner from 2nd tries for 3rd, OUT! 7-5
|
| Top of the 2nd over - 4 runs, 4 hits, 0 errors, 1 left on base; Hartford 4 - Greensboro 0 |
| BOTTOM OF THE 2ND |
|
Greensboro Grasshoppers batting - Pitching for Hartford Yard Goats : LHP Steve Lima
|
|
Batting: RHB Jordan Arcidez
|
0-0: Ball 1-0: Foul Ball, location: 2F 1-1: Ground out 6-3 (Groundball, 6, EV 107.5 MPH)
|
|
Batting: RHB Boof Howell
|
0-0: Called Strike 0-1: Foul Ball, location: 2F 0-2: Ball 1-2: Ball 2-2: Foul Ball, location: 2F 2-2: Strikes out swinging
|
|
Batting: RHB Bob Raine
|
0-0: Ball 1-0: Ball 2-0: Ball 3-0: Base on Balls
|
|
Batting: RHB Wei-guo Tsu
|
0-0: Swinging Strike 0-1: Called Strike 0-2: Ball 1-2: Foul Ball, location: 2F 1-2: Strikes out swinging
|
| Bottom of the 2nd over - 0 runs, 0 hits, 0 errors, 1 left on base; Hartford 4 - Greensboro 0 |
| TOP OF THE 3RD |
|
Hartford Yard Goats batting - Pitching for Greensboro Grasshoppers : RHP Earl Shepherd
|
|
Batting: RHB Kian-tat Chen
|
0-0: Ball 1-0: Swinging Strike 1-1: Ball 2-1: Ground out 6-3 (Groundball, 6, EV 103.1 MPH)
|
|
Batting: SHB Bobby Santor
|
0-0: Foul Ball, location: 2F 0-1: Ball 1-1: Ball 2-1: SINGLE (Flyball, 5D, EV 95.0 MPH)
|
|
Batting: RHB Justin Williams
|
0-0: Called Strike 0-1: Ball Bobby Santor steals 2nd base 1-1: Ground out 1-3 (Groundball, 34S, EV 70.0 MPH) Bobby Santor to third
|
|
Batting: LHB Jeremy Brammer
|
0-0: Called Strike 0-1: Foul Ball, location: 2F 0-2: Ball 1-2: Ball 2-2: Ground out 4-3 (Groundball, 34, EV 83.8 MPH)
|
| Top of the 3rd over - 0 runs, 1 hit, 0 errors, 1 left on base; Hartford 4 - Greensboro 0 |
| BOTTOM OF THE 3RD |
|
Greensboro Grasshoppers batting - Pitching for Hartford Yard Goats : LHP Steve Lima
|
|
Batting: RHB Chris Riddick
|
0-0: Ball 1-0: Called Strike 1-1: Ball 2-1: Ground out 5-3 (Groundball, 5, EV 80.6 MPH)
|
|
Batting: LHB Juan Zuniga
|
0-0: Ball 1-0: Ball 2-0: Foul Ball, location: 2F 2-1: Ground out U3 (Groundball, 34, EV 85.6 MPH)
|
|
Batting: RHB Tom Thompson
|
0-0: Ball 1-0: Swinging Strike 1-1: Foul Ball, location: 2F 1-2: Strikes out swinging
|
| Bottom of the 3rd over - 0 runs, 0 hits, 0 errors, 0 left on base; Hartford 4 - Greensboro 0 |
| TOP OF THE 4TH |
|
Hartford Yard Goats batting - Pitching for Greensboro Grasshoppers : RHP Earl Shepherd
|
|
Batting: SHB In-sung Lee
|
0-0: Foul Ball, location: 2F 0-1: Swinging Strike 0-2: TRIPLE (Flyball, 89XD, EV 99.4 MPH)
|
|
Batting: RHB Jerry Edmiston
|
0-0: Ball 1-0: Ball 2-0: SINGLE (Groundball, 6D, EV 94.4 MPH) In-sung Lee scores
|
|
Batting: LHB Mick Knopp
|
0-0: Called Strike 0-1: Foul Ball, location: 2F 0-2: Ball 1-2: Foul Ball, location: 2F 1-2: Strikes out swinging
|
|
Batting: SHB Eddie Quinones
|
0-0: Ball 1-0: Foul Ball, location: 2F 1-1: Called Strike 1-2: Strikes out swinging
|
|
Batting: SHB Pete Perla
|
0-0: Fielders Choice at 2nd, 6-4 (Groundball, 4M, EV 86.3 MPH)
|
| Top of the 4th over - 1 run, 2 hits, 0 errors, 1 left on base; Hartford 5 - Greensboro 0 |
| BOTTOM OF THE 4TH |
|
Greensboro Grasshoppers batting - Pitching for Hartford Yard Goats : LHP Steve Lima
|
|
Batting: RHB Masumitsu Sugiura
|
0-0: Foul Ball, location: 2F 0-1: DOUBLE (Line Drive, 89D, EV 109.4 MPH)
|
|
Batting: RHB Isaiah Brockman
|
0-0: Called Strike 0-1: Swinging Strike 0-2: Ball 1-2: Strikes out looking
|
|
Batting: RHB Jordan Arcidez
|
0-0: Called Strike 0-1: Called Strike 0-2: Ground out 4-3 (Groundball, 4S, EV 73.1 MPH) Masumitsu Sugiura to third
|
|
Batting: RHB Boof Howell
|
0-0: Called Strike 0-1: Fly out, F8 (Flyball, 8RD, EV 95.0 MPH)
|
| Bottom of the 4th over - 0 runs, 1 hit, 0 errors, 1 left on base; Hartford 5 - Greensboro 0 |
| TOP OF THE 5TH |
|
Hartford Yard Goats batting - Pitching for Greensboro Grasshoppers : RHP Earl Shepherd
|
|
Batting: RHB Kian-tat Chen
|
0-0: Foul Ball, location: 2F 0-1: Ground out 5-3 (Groundball, 56S, EV 81.3 MPH)
|
|
Batting: SHB Bobby Santor
|
0-0: Ball 1-0: Swinging Strike 1-1: Ball 2-1: Foul Ball, location: 2F 2-2: Foul Ball, location: 2F 2-2: Ball 3-2: Base on Balls
|
|
Batting: RHB Justin Williams
|
0-0: Called Strike 0-1: Fly out, F8 (Flyball, 8RD, EV 100.6 MPH)
|
|
Batting: LHB Jeremy Brammer
|
0-0: Called Strike Bobby Santor steals 2nd base 0-1: Ball 1-1: Called Strike 1-2: Ground out 4-3 (Groundball, 4, EV 87.5 MPH)
|
| Top of the 5th over - 0 runs, 0 hits, 0 errors, 1 left on base; Hartford 5 - Greensboro 0 |
| BOTTOM OF THE 5TH |
|
Greensboro Grasshoppers batting - Pitching for Hartford Yard Goats : LHP Steve Lima
|
|
Batting: RHB Bob Raine
|
0-0: Ball 1-0: Ground out 5-3 (Groundball, 56S, EV 69.4 MPH)
|
|
Batting: RHB Wei-guo Tsu
|
0-0: Called Strike 0-1: Ball 1-1: Called Strike 1-2: Ball 2-2: Ball 3-2: Strikes out swinging
|
|
Batting: RHB Chris Riddick
|
0-0: Called Strike 0-1: Ball 1-1: Ball 2-1: DOUBLE (Line Drive, 7LM, EV 86.9 MPH)
|
|
Batting: LHB Juan Zuniga
|
0-0: Ground out 4-3 (Groundball, 4, EV 99.4 MPH)
|
| Bottom of the 5th over - 0 runs, 1 hit, 0 errors, 1 left on base; Hartford 5 - Greensboro 0 |
| TOP OF THE 6TH |
|
Hartford Yard Goats batting - Pitching for Greensboro Grasshoppers : RHP Earl Shepherd
|
|
Batting: SHB In-sung Lee
|
0-0: Ball 1-0: Swinging Strike 1-1: Foul Ball, location: 2F 1-2: Ball 2-2: Foul Ball, location: 2F 2-2: Strikes out swinging
|
|
Batting: RHB Jerry Edmiston
|
0-0: Ground out 4-3 (Groundball, 4, EV 108.8 MPH)
|
|
Batting: LHB Mick Knopp
|
0-0: Ground out U3 (Groundball, 3, EV 98.1 MPH)
|
| Top of the 6th over - 0 runs, 0 hits, 0 errors, 0 left on base; Hartford 5 - Greensboro 0 |
| BOTTOM OF THE 6TH |
|
Greensboro Grasshoppers batting - Pitching for Hartford Yard Goats : LHP Steve Lima
|
|
Batting: RHB Tom Thompson
|
0-0: Ball 1-0: Ball 2-0: DOUBLE (Line Drive, 89M, EV 109.4 MPH)
|
|
Batting: RHB Masumitsu Sugiura
|
0-0: Ground out 4-3 (Groundball, 4, EV 87.5 MPH) Tom Thompson to third
|
|
Batting: RHB Isaiah Brockman
|
0-0: Ball 1-0: Fly out, F6 (Line Drive, 6, EV 58.8 MPH)
|
|
Batting: RHB Jordan Arcidez
|
0-0: Ball 1-0: Reached via error on a dropped throw from 3B, E3 (Groundball, 56, EV 106.9 MPH) Tom Thompson scores
|
|
Batting: RHB Boof Howell
|
0-0: Called Strike 0-1: Ball 1-1: Fly out, F8 (Flyball, 8LS, EV 79.4 MPH)
|
| Bottom of the 6th over - 1 run, 1 hit, 1 error, 1 left on base; Hartford 5 - Greensboro 1 |
| TOP OF THE 7TH |
|
Hartford Yard Goats batting - Pitching for Greensboro Grasshoppers : RHP Earl Shepherd
|
|
Pitching: RHP Chris Forster
|
|
|
Batting: SHB Eddie Quinones
|
0-0: Called Strike 0-1: Swinging Strike 0-2: Ball 1-2: Ball 2-2: Fly out, F7 (Line Drive, 7D, EV 92.5 MPH)
|
|
Batting: SHB Pete Perla
|
0-0: Ball 1-0: Called Strike 1-1: TRIPLE (Flyball, 89XD, EV 93.1 MPH)
|
|
Batting: RHB Kian-tat Chen
|
0-0: Hit by Pitch
|
|
Batting: SHB Bobby Santor
|
0-0: Called Strike 0-1: Fly out, F7 (Flyball, 7S, EV 80.6 MPH)
|
|
Batting: RHB Justin Williams
|
0-0: Called Strike Kian-tat Chen steals 2nd, throwing error, E2 Pete Perla scores Kian-tat Chen to third 0-1: Foul Ball, location: 2F 0-2: Ball 1-2: Strikes out looking
|
| Top of the 7th over - 1 run, 1 hit, 1 error, 1 left on base; Hartford 6 - Greensboro 1 |
| BOTTOM OF THE 7TH |
|
Greensboro Grasshoppers batting - Pitching for Hartford Yard Goats : LHP Steve Lima
|
|
Batting: RHB Bob Raine
|
0-0: Ball 1-0: SINGLE (Groundball, 6MD, EV 95.6 MPH)
|
|
Batting: RHB Wei-guo Tsu
|
0-0: Called Strike 0-1: Fly out, F4 (Line Drive, 4, EV 68.8 MPH)
|
|
Batting: RHB Chris Riddick
|
0-0: Ball 1-0: Called Strike 1-1: Foul Ball, location: 2F 1-2: Ball 2-2: Ball 3-2: Strikes out looking
|
|
Batting: LHB Juan Zuniga
|
0-0: Swinging Strike 0-1: Ball 1-1: Ball 2-1: Ball 3-1: SINGLE (Flyball, 7LS, EV 96.9 MPH) Bob Raine to second
|
|
Pitching: RHP Tony Barragan
|
|
|
Batting: RHB Tom Thompson
|
0-0: Swinging Strike 0-1: Called Strike 0-2: Ball 1-2: Strikes out swinging
|
| Bottom of the 7th over - 0 runs, 2 hits, 0 errors, 2 left on base; Hartford 6 - Greensboro 1 |
| TOP OF THE 8TH |
|
Hartford Yard Goats batting - Pitching for Greensboro Grasshoppers : RHP Chris Forster
|
|
Batting: LHB Jeremy Brammer
|
0-0: Foul Ball, location: 2F 0-1: Ground out 4-3 (Groundball, 4, EV 98.8 MPH)
|
|
Batting: SHB In-sung Lee
|
0-0: Hit by Pitch
|
|
Batting: RHB Jerry Edmiston
|
0-0: Called Strike 0-1: Ball In-sung Lee steals 2nd base 1-1: Ball 2-1: Foul Ball, location: 2F 2-2: DOUBLE (Line Drive, 9LM, EV 108.1 MPH) In-sung Lee scores
|
|
Pitching: RHP Marco Quezada
|
|
|
Batting: LHB Mick Knopp
|
0-0: Ball 1-0: Ball 2-0: Ball 3-0: Base on Balls
|
|
Batting: SHB Eddie Quinones
|
0-0: Called Strike 0-1: Ball 1-1: Ball 2-1: Foul Ball, location: 2F 2-2: Ball 3-2: Base on Balls Jerry Edmiston to third Mick Knopp to second
|
|
Batting: SHB Pete Perla
|
0-0: Ball 1-0: Ball 2-0: Foul Ball, location: 2F 2-1: SINGLE (Groundball, 56D, EV 94.4 MPH) Jerry Edmiston scores Mick Knopp to third Eddie Quinones to second Runner from 3rd tries for Home, throw by LF and OUT! 7-2
|
|
Batting: RHB Kian-tat Chen
|
0-0: Ball 1-0: Swinging Strike 1-1: Foul Ball, location: 2F 1-2: Fielders Choice at 2nd, 6-4 (Groundball, 6, EV 86.9 MPH)
|
| Top of the 8th over - 2 runs, 2 hits, 0 errors, 2 left on base; Hartford 8 - Greensboro 1 |
| BOTTOM OF THE 8TH |
|
Greensboro Grasshoppers batting - Pitching for Hartford Yard Goats : RHP Tony Barragan
|
|
Batting: RHB Masumitsu Sugiura
|
0-0: Swinging Strike 0-1: Foul Ball, location: 2F 0-2: Ball 1-2: Foul Ball, location: 2F 1-2: Ball 2-2: Strikes out swinging
|
|
Batting: RHB Isaiah Brockman
|
0-0: Ball 1-0: SINGLE (Groundball, 34D, EV 110.0 MPH)
|
|
Batting: RHB Jordan Arcidez
|
0-0: Ball 1-0: Ball 2-0: Grounds into double play, 5-4-3 (Groundball, 5, EV 103.1 MPH)
|
| Bottom of the 8th over - 0 runs, 1 hit, 0 errors, 0 left on base; Hartford 8 - Greensboro 1 |
| TOP OF THE 9TH |
|
Hartford Yard Goats batting - Pitching for Greensboro Grasshoppers : RHP Marco Quezada
|
|
Batting: SHB Bobby Santor
|
0-0: Called Strike 0-1: Ball 1-1: Swinging Strike 1-2: Foul Ball, location: 2F 1-2: Fly out, F8 (Flyball, 8LS, EV 90.0 MPH)
|
|
Batting: RHB Justin Williams
|
0-0: Ball 1-0: Foul Ball, location: 2F 1-1: Ball 2-1: Fly out, F9 (Flyball, 89S, EV 90.0 MPH)
|
|
Pitching: RHP Tamirat Abboud
|
|
|
Batting: LHB Jeremy Brammer
|
0-0: Called Strike 0-1: Ball 1-1: Ball 2-1: Swinging Strike 2-2: Ball 3-2: Foul Ball, location: 2F 3-2: Fly out, F8 (Line Drive, 8RM, EV 106.9 MPH)
|
| Top of the 9th over - 0 runs, 0 hits, 0 errors, 0 left on base; Hartford 8 - Greensboro 1 |
| BOTTOM OF THE 9TH |
|
Greensboro Grasshoppers batting - Pitching for Hartford Yard Goats : RHP Tony Barragan
|
|
Pitching: LHP Greg Burngooch
|
|
|
Batting: RHB Boof Howell
|
0-0: Called Strike 0-1: SINGLE (Groundball, 34S, EV 74.4 MPH) (infield hit)
|
|
Pinch Runner at 1st Natanael Fusquita:
|
|
|
Batting: RHB Bob Raine
|
0-0: Called Strike 0-1: Ball 1-1: Ball 2-1: Foul Ball, location: 2F 2-2: Strikes out swinging
|
|
Batting: RHB Wei-guo Tsu
|
0-0: Called Strike 0-1: Ball 1-1: Swinging Strike 1-2: Ball 2-2: Strikes out swinging
|
|
Batting: RHB Chris Riddick
|
0-0: Swinging Strike 0-1: Ball 1-1: Ball 2-1: Foul Ball, location: 2F 2-2: Ball 3-2: SINGLE (Line Drive, 56, EV 98.1 MPH) Natanael Fusquita to second Natanael Fusquita to third
|
|
Batting: LHB Juan Zuniga
|
0-0: Ball 1-0: Ground out 5-3 (Groundball, 5S, EV 81.9 MPH)
|
| Bottom of the 9th over - 0 runs, 2 hits, 0 errors, 2 left on base; Hartford 8 - Greensboro 1 |
|